 Dungeon Crawl Stone Soup version 0.29-a0-352-g0917bc69df (webtiles) character file.

Game seed: 1967551671773034190

207 bande the Covered (level 5, 0/33 HPs)
             Began as a Gargoyle Fighter on Apr 25, 2022.
             Slain by a wyvern (10 damage)
             ... on level 4 of the Dungeon.
             The game lasted 00:07:58 (2942 turns).

bande the Covered (Gargoyle Fighter)                Turns: 2942, Time: 00:07:59

Health: 0/33       AC: 21    Str: 20    XL:     5   Next: 85%
Magic:  5/5        EV:  9    Int:  8    God:
Gold:   192        SH:  4    Dex: 11    Spells: 4/4 levels left

rFire   + . .      SeeInvis +   a - +0 war axe
rCold   . . .      Faith    .   c - +0 buckler
rNeg    + . .      Spirit   .   m - +0 scale mail {rF+}
rPois   ∞          Reflect  .   (no helmet)
rElec   +          Harm     .   v - +1 cloak
rCorr   .          Rampage  .   w - +0 pair of gloves
Will    .....                   u - +2 pair of boots
Stlth   ..........              (no amulet)
HPRegen 0.11/turn               k - ring of see invisible
MPRegen 0.09/turn               o - +4 ring of protection

@: no status effects
A: sickness immunity, AC +4, negative energy resistance 1, electricity
resistance, torment resistance 1, petrification resistance
a: no special abilities


You were on level 4 of the Dungeon.
You visited 1 branch of the dungeon, and saw 4 of its levels.

You collected 192 gold pieces.

Inventory:

Hand Weapons
 a - a +0 war axe (weapon)
 r - a +0 war axe
 t - a +0 flail
Missiles
 q - a throwing net (quivered)
Armour
 c - a +0 buckler (worn)
 m - a +0 scale mail of fire resistance (worn)
 n - a +0 chain mail
 u - a +2 pair of boots (worn)
 v - a +1 cloak (worn)
 w - a +0 pair of gloves (worn)
Jewellery
 k - a ring of see invisible (left hand)
 o - a +4 ring of protection (right hand)
Wands
 s - a wand of polymorph (15)
Scrolls
 h - 2 scrolls of holy word
Potions
 b - a potion of degeneration {unknown}
 d - a potion of might
 e - 3 potions of flight
 f - 2 potions of brilliance
 g - 2 potions of curing
 i - a potion of resistance {unknown}
 j - a potion of ambrosia {unknown}
 l - 2 potions of mutation {unknown}
 p - 2 potions of attraction {unknown}


   Skills:
 + Level 4.1 Fighting
 + Level 3.8 Axes
 + Level 4.3 Armour
 + Level 4.0 Shields


You had 4 spell levels left.
You didn't know any spells.
Your spell library contained the following spells:

 Spells                   Type           Power      Damage    Failure   Level
 Pain                     Necr           0%         1d4       83%         1
 Sandblast                Erth           0%         2d4       83%         1
 Passwall                 Tmut/Erth      0%         N/A       93%         2
 Stone Arrow              Conj/Erth      0%         3d7       99%         3
 Petrify                  Tmut/Erth      0%         N/A       100%        4
 Agony                    Necr           0%         N/A       100%        5
 Excruciating Wounds      Necr           0%         N/A       100%        5
 Irradiate                Conj/Tmut      0%         3d13      100%        5
 Sublimation of Blood     Necr           Unusable   N/A       N/A         2

Dungeon Overview and Level Annotations

Branches:
Dungeon (4/15)
 Temple: D:4-7

Altars:

Shops:
D:2 !:(


Innate Abilities, Weirdness & Mutations

You are immune to sickness and miasma.
Your stone body is resilient. (AC +4)
You are immune to poison.
You resist negative energy. (rN+)
You are resistant to electric shocks. (rElec)
You are resistant to unholy torment.
You are immune to petrification.


Message History

You finish putting on your +0 pair of gloves.
There is a stone staircase leading up here.
A ball python comes into view.
The ball python hisses angrily.
You slash the ball python!
You kill the ball python!
No target in view!
No target in view!
No target in view!
No target in view!
No target in view!
You now have 192 gold pieces (gained 20).
Found a gnarled runed staff.
A wyvern and an orc come into view.
Found a club, a scroll of teleportation and a scroll labelled QOVEOTSUTT.
The orc shouts!
The wyvern attacks as you move away!
The wyvern bites you but does no damage.
The wyvern bites you! x2
The wyvern closely misses you.
The wyvern bites you but does no damage.
The wyvern completely misses you.
The wyvern bites you but does no damage.
The wyvern closely misses you. The orc hits you but does no damage.
The wyvern bites you!
You closely miss the wyvern. The wyvern closely misses you.
The wyvern barely misses you. The orc hits you but does no damage.
You slash the wyvern!
The wyvern is moderately wounded.
The wyvern closely misses you. The orc hits you but does no damage.
You block the wyvern's attack. You block the orc's attack.
You completely miss the wyvern.
The wyvern is moderately wounded.
The wyvern closely misses you.
The wyvern bites you but does no damage.
The orc hits you but does no damage.
You barely miss the wyvern.
The wyvern is moderately wounded.
The wyvern bites you!
You die...

#####################
#...................#
#.......###########.#
#..####.###########.#######
#|.# #.ol@................
#..# #############....))..
#..# ########.
...?......l..?. #<
....##..####### #. ... ####
## .. # # # #


You could see a wyvern and an orc.

Vanquished Creatures
  An orc priest (D:4)
  4 adders
  3 gnolls
  A white imp (D:3)
  A worm (D:2)
  2 dart slugs (D:1)
  9 orcs
  6 endoplasms
  2 giant cockroaches
  9 goblins
  5 hobgoblins
  4 jackals (D:2)
  4 quokkas
  8 ball pythons
  10 bats
  7 frilled lizards
  10 kobolds
  3 rats
89 creatures vanquished.

Vanquished Creatures (others)
  A fungus (D:1)
  2 plants (D:1)
3 creatures vanquished.

Grand Total: 92 creatures vanquished

Notes
Turn   | Place    | Note
-------+----------+-------------------------------------------
     0 | D:1      | bande the Gargoyle Fighter began the quest for the Orb.
     0 | D:1      | Reached XP level 1. HP: 14/14 MP: 1/1
   166 | D:1      | Reached XP level 2. HP: 18/19 MP: 2/2
   441 | D:1      | Reached XP level 3. HP: 23/24 MP: 3/3
  1011 | D:1      | Found a faded altar of an unknown god.
  1270 | D:2      | Found Ogakaff's Weapon Shop.
  1285 | D:2      | Found Astrit's Book Boutique.
  1310 | D:2      | Found Dozxohock's Distillery.
  1462 | D:2      | Reached XP level 4. HP: 29/29 MP: 4/4
  2173 | D:3      | Reached XP level 5. HP: 30/33 MP: 5/5
  2924 | D:4      | Noticed a wyvern
  2942 | D:4      | Slain by a wyvern

Illustrated notes

Levels and vault maps discovered:
D:1:      dpeg_chamrin_arrival_tetris, layout_basic,
          shapermc_ecumenical_altar_hornbeckon, minmay_pentomino_u4
D:2:      layout_rooms, serial_shops, nicolae_shop_bloodbath_and_beyond,
          nicolae_shop_behind_doors, shop_statue, hex_medium
D:3:      layout_rooms
D:4:      minmay_octagon_keep, layout_loops_ring, st_stairs_14

Skill      XL: |  1  2  3  4  5 |
---------------+----------------+-----
Axes           | 2 3 |  3.8
Armour         | 4 |  4.3
Fighting       | 4 |  4.1
Shields        | 4 |  4.0

Action                   |  1- 3 |  4- 6 || total
-------------------------+-------+-------++-------
Melee: War axe           |   127 |   141 ||   268
  Use: Scroll            |     4 |     4 ||     8
Armor: Scale mail        |    91 |    93 ||   184
Dodge: Dodged            |    94 |    83 ||   177
Block: Buckler           |    33 |    34 ||    67

Table legend: (Time is in decaauts)
 A = Elapsed time spent in this place.
 B = Non-inter-level travel time spent in this place.
 C = Inter-level travel time spent in this place.
 D = Time resting spent in this place.
 E = Time spent auto-exploring this place.
 F = Levels seen in this place.
 G = Mean time per level.
                   A        B        C        D        E       F      G
               +--------+--------+--------+--------+--------+-----+--------+
         Total |   3054 |   2909 |    145 |    297 |   1818 |   4 |  763.5 |
       Dungeon |   3054 |   2909 |    145 |    297 |   1818 |   4 |  763.5 |
               +--------+--------+--------+--------+--------+-----+--------+

Top non-repeatable levels by time:
     D:1: 1241 daAuts
     D:2: 686 daAuts
     D:3: 654 daAuts
     D:4: 472 daAuts
